 Dungeon Crawl Stone Soup version 0.21.1-1-g345015f (webtiles) character file.

1348 kae the Carver (level 8, 0/71 HPs)
             Began as a Minotaur Fighter on June 20, 2018.
             Succumbed to an orc wizard's poison
             ... on level 5 of the Dungeon.
             The game lasted 00:03:35 (4680 turns).

kae the Carver (Minotaur Fighter)                   Turns: 4680, Time: 00:03:36

Health: 0/71       AC: 15    Str: 18 (21) XL:     8   Next: 36%
Magic:  7/7        EV:  5    Int:  5 (7)  God:
Gold:   206        SH:  9    Dex:  8 (10) Spells: 7/7 levels left

rFire    . . .     SeeInvis .   a - +1 long sword
rCold    . . .     Gourm    .   c - +1 shield
rNeg     . . .     Faith    .   g - +0 plate armour (curse)
rPois    .         Spirit   .   p - +1 hat
rElec    .         Reflect  .   (no cloak)
rCorr    .         Harm     .   k - +0 pair of gloves
MR       .....                  (no boots)
Stlth    ..........             (no amulet)
HPRegen  0.21/turn              (no ring)
MPRegen  0.10/turn              (no ring)

@: lethally poisoned (0 -> -1), about to teleport
A: retaliatory headbutt, horns 2, blurry vision 1, sense surroundings 1
a: no special abilities


You were on level 5 of the Dungeon.
You were not hungry.

You visited 1 branch of the dungeon, and saw 5 of its levels.

You collected 206 gold pieces.

Inventory:

Hand Weapons
 a - a +1 long sword (weapon)
Armour
 b - a +0 scale mail
 c - a +1 shield (worn)
 g - a cursed +0 plate armour (worn)
 k - a +0 pair of gloves (worn)
 p - a +1 hat (worn)
Wands
 d - a wand of digging (9)
 n - a wand of acid (12)
 q - a wand of clouds (5)
Scrolls
 h - 2 scrolls of fear
 l - 2 scrolls of identify
 m - 2 scrolls of teleportation
 o - a scroll of enchant weapon
 r - 2 scrolls of magic mapping {unknown}
 s - a scroll of noise
 u - a scroll of blinking {unknown}
Potions
 e - a potion of degeneration
 t - a potion of flight
Comestibles
 f - 6 rations


   Skills:
 + Level 6.5 Fighting
 * Level 8.2 Long Blades
 + Level 6.6 Armour
 + Level 4.7 Dodging
 - Level 3.6 Shields


You had 7 spell levels left.
You didn't know any spells.

Dungeon Overview and Level Annotations

Branches:
Dungeon (5/15)
 Temple: D:4-7

Altars:
Ru
Sif Muna
Trog

Shops:
D:5 }


Innate Abilities, Weirdness & Mutations

You reflexively headbutt those who attack you in melee.
You have a pair of horns on your head.
Scrolls take you a little longer to read.
You passively map a small area around you.


Message History

You experience a momentary feeling of inescapable doom!
It was a scroll of random uselessness.
You begin reading the scroll.
You continue reading the scroll.
As you read the scroll labeled TUUNEU MIUHA, it crumbles to dust.
The air around you briefly surges with heat, but it dissipates.
It was a scroll of immolation.
You begin reading the scroll.
You continue reading the scroll.
* * * LOW HITPOINT WARNING * * *
You feel sick.
As you read the scroll labeled PIACLEBB PACAO, it crumbles to dust.
It is a scroll of identify.
s - a scroll of noise You begin reading the scroll.
You continue reading the scroll.
As you read the scroll labeled HETOAR CIHAAPN, it crumbles to dust.
You feel strangely unstable.
It was a scroll of teleportation.
You begin reading the scroll.
You continue reading the scroll.
As you read the scroll labeled VEYDIK SITOHIT, it crumbles to dust.
It is a scroll of enchant weapon.
Your +0 long sword glows red for a moment.
You die...

##..## ###..## #
#####...## *#
#.....######.
##########......))....
#..........###########
#..........# #
#..........# #
#....@.....# #
#...$......# #
#..........# #
############ ######
#..... #..... #.....
#..... #.(...


There were no monsters in sight!

Vanquished Creatures
  The ghost of Kagorn the Skirmisher, an amateur GrFi (D:4)
  Eustachio (D:4)
  Duvessa (D:4)
  An ice beast (D:5)
  An ogre (D:5)
  Dowan (D:4)
  A howler monkey (D:5)
  A jelly (D:5)
  4 orc priests
  Natasha (thrice) (D:4)
  Terence (D:2)
  4 orc wizards
  4 worker ants
  A hound skeleton (D:4)
  The ghost of dscm the Digger, a weakling OpEE (D:3)
  2 worker ant zombies (D:5)
  2 adders
  2 oozes
  3 worms
  3 dart slugs
  2 leopard geckos
  28 orcs
  8 bats
  3 giant cockroaches
  8 goblins
  9 hobgoblins
  10 jackals
  6 kobolds
  2 quokkas
  A ball python zombie (D:5)
  4 frilled lizards
  2 leopard gecko skeletons (D:5)
  A quokka skeleton (D:5)
  7 rats
129 creatures vanquished.

Notes
Turn   | Place    | Note
-------+----------+-------------------------------------------
     0 | D:1      | kae the Minotaur Fighter began the quest for the Orb.
     0 | D:1      | Reached XP level 1. HP: 19/19 MP: 0/0
   191 | D:1      | Reached XP level 2. HP: 25/27 MP: 1/1
   221 | D:1      | Reached skill level 3 in Long Blades
   288 | D:1      | Reached skill level 1 in Dodging
   399 | D:1      | Reached XP level 3. HP: 33/33 MP: 2/2
   972 | D:2      | Noticed Terence
   987 | D:2      | Killed Terence
   987 | D:2      | Reached skill level 4 in Long Blades
   987 | D:2      | Reached XP level 4. HP: 29/40 MP: 3/3
  1264 | D:3      | Found a sacrificial altar of Ru.
  1406 | D:3      | Noticed dscm's ghost (weakling OpEE)
  1418 | D:3      | Killed dscm's ghost
  1516 | D:3      | Reached XP level 5. HP: 41/47 MP: 4/4
  1888 | D:3      | Found a deep blue altar of Sif Muna.
  2507 | D:4      | Reached skill level 5 in Long Blades
  2509 | D:4      | Noticed Eustachio
  2563 | D:4      | Killed Eustachio
  2563 | D:4      | Reached skill level 5 in Fighting
  2563 | D:4      | Reached skill level 5 in Armour
  2563 | D:4      | Reached XP level 6. HP: 14/56 MP: 5/5
  2853 | D:4      | Noticed Natasha
  2862 | D:4      | Killed Natasha
  2869 | D:4      | Noticed Natasha
  2885 | D:4      | Killed Natasha
  3102 | D:4      | Noticed Duvessa
  3102 | D:4      | Noticed Dowan
  3118 | D:4      | Killed Duvessa
  3118 | D:4      | Reached skill level 6 in Long Blades
  3118 | D:4      | Reached XP level 7. HP: 61/61 MP: 6/6
  3135 | D:4      | Killed Dowan
  3246 | D:4      | Noticed Kagorn's ghost (amateur GrFi)
  3261 | D:4      | Killed Kagorn's ghost
  3487 | D:4      | Noticed Natasha
  3489 | D:4      | Reached skill level 7 in Long Blades
  3499 | D:4      | Killed Natasha
  3753 | D:4      | Noticed a moth of wrath
  3756 | D:4      | Found a bloodstained altar of Trog.
  3980 | D:5      | Entered Level 5 of the Dungeon
  3998 | D:5      | Gained mutation: Scrolls take you a little longer to read. [potion of mutation]
  3998 | D:5      | Gained mutation: You passively map a small area around you. [potion of mutation]
  4013 | D:5      | Reached XP level 8. HP: 22/70 MP: 7/7
  4410 | D:5      | Reached skill level 8 in Long Blades
  4576 | D:5      | Found Tehub's Gadget Shoppe.
  4662 | D:5      | HP: 3/71 [poisoned by an orc wizard]
  4668 | D:5      | HP: 1/71 [poisoned by an orc wizard]
  4675 | D:5      | HP: 1/71 [poisoned by an orc wizard]
  4680 | D:5      | Succumbed to an orc wizard's poison

Skill      XL: |  1  2  3  4  5  6  7  8 |
---------------+-------------------------+-----
Long Blades    | 3 4 5 6 7 8 |  8.2
Dodging        | 1 2 3 4 |  4.7
Fighting       | 4 5 6 |  6.5
Armour         | 4 5 6 |  6.6
Shields        | |  3.6

Action                   |  1- 3 |  4- 6 |  7- 9 || total
-------------------------+-------+-------+-------++-------
Melee: Long sword        |   100 |   238 |   149 ||   487
       Headbutt          |    18 |    30 |    36 ||    84
Evoke: Wand              |       |       |     1 ||     1
  Use: Potion            |       |     1 |     3 ||     4
       Scroll            |       |       |     7 ||     7
  Eat: Chunk             |       |     7 |     6 ||    13
Armor: Scale mail        |    23 |       |       ||    23
       Plate armour      |    36 |   193 |    95 ||   324
Dodge: Dodged            |    25 |    49 |    34 ||   108
Block: Shield            |    51 |   126 |    77 ||   254
       Rpst.: Long sword |     9 |     7 |    12 ||    28
